Dins, chaotic male orcish Priest ------ --- |....+ |. |....| .----- |....| |.|%??| |....| |.|=]%| |.....# |.|(!.| |.<..|# `..|@. ----+--- --- | ------# #|.-G---+--- ...............| # #|.@.o......G..{......{..........| # #####|.-|---+--- - ---- | # ## |.|.. # ### |.|(((| # # # |.|]((| ### #### .|(((| #--------## |.----- #|^.....-## |. #.......| --- -------- Dins the Aspirant Experience level: 1 Strength: 15 Dexterity: 13 Constitution: 12 Intelligence: 10 Wisdom: 16 Charisma: 11 Health: 0(15) Energy: 5(5) Def: 13 Gold: 614 Moves: 2081 Dungeon seed: ZSAJVAefS6Ddjxtl Game ID: Dins_1527871763 Your Inventory: Coins $ - 614 gold pieces Weapons a - a blessed +1 mace (weapon in hand) m - 11 uncursed +0 arrows p - 14 uncursed +4 darts u - 11 uncursed +0 shuriken A - a blessed +0 bow B - 6 blessed +0 arrows Armor I - an uncursed +0 dwarvish cloak of fire immunity (being worn) P - an uncursed +0 elven mithril-coat (being worn) Q - a blessed +0 dwarvish roundshield (being worn) R - an uncursed +1 pair of iron shoes of hunger (being worn) Y - an uncursed +0 dwarvish iron helm (being worn) Comestibles c - an uncursed clove of garlic d - an uncursed sprig of wolfsbane j - 2 uncursed tripe rations K - an uncursed partly eaten food ration L - an uncursed tin of female hobgoblin meat S - an uncursed tin of female gnome meat Scrolls q - 2 uncursed scrolls of identify t - 2 uncursed scrolls of enchant weapon w - an uncursed scroll of scare monster x - 2 uncursed scrolls of teleportation Spellbooks f - a blessed spellbook of healing g - a blessed spellbook of clairvoyance Potions b - 4 potions of holy water E - an uncursed potion of extra healing T - an uncursed potion of paralysis Wands o - an uncursed wand of slow monster (0:8) Tools h - an uncursed oil lamp (0:1038) k - an uncursed lock pick l - an uncursed stethoscope D - an uncursed +0 pick-axe F - 7 uncursed tallow candles (0:200) G - 3 uncursed wax candles (0:400) Gems n - 2 uncursed worthless pieces of yellow glass r - 2 uncursed worthless pieces of red glass M - 2 uncursed worthless pieces of orange glass N - 2 uncursed worthless pieces of black glass O - 2 uncursed worthless pieces of green glass Spells and supernatural/magical abilities: Name Level Category Cost Memory W - pray for help -- divine ? -- X - turn undead -- divine ? -- Your skills at the end: Fighting Skills wands [Basic] Weapon Skills mace [Basic] Spellcasting Skills clerical spells [Basic] Final Attributes: You were piously aligned. You were immune to fire. You were immune to poison. You had fast metabolism. You had infravision. Loki was noncommittal. You are dead. Vanquished creatures: 5 gnome lords 4 dwarves an acid blob a gas spore 3 hobbits 4 cave spiders 16 gnomes a gecko 7 jackals 2 kobolds 2 grid bugs 3 lichens a kobold zombie 4 newts 54 creatures vanquished. Voluntary challenges: You followed a strict vegan diet. You used a wielded weapon 3 times, starting on turn 107. You were illiterate. You never genocided any monsters. You never polymorphed an object. You never changed form. You used no wishes. You never split a pudding. You never wrote Elbereth's name. You never violated your personal moral code. Dungeon overview: The Dungeons of Doom: levels 1 to 3 Level 1 some fountains a long staircase Level 2 (Stash) a general store, an altar to Loki, a fountain, a sink Level 3 some fountains stairs to The Gnomish Mines The Gnomish Mines: levels 4 to 6 Level 4 stairs to The Dungeons of Doom Level 5 Level 6 <- You were here some shops, some fountains History has recorded: On T:1 you entered the Dungeons of Doom to retrieve the Amulet of Yendor! On T:262 you reached level 2 of The Dungeons of Doom. On T:571 you reached level 3 of The Dungeons of Doom. On T:811 you reached level 1 of The Gnomish Mines. On T:1585 you reached level 2 of The Gnomish Mines. On T:1999 you reached level 3 of The Gnomish Mines. Score breakdown: Gold: 614 ( 9486 points) Experience: 1 level ( 0 points) Exploration: 6 levels ( 12.50%) ( 9784 points) Discoveries: 2 items ( 0.69%) ( 2491 points) Valuables value: (no points given unless you survive) Artifact value: 0 ( 0 points) Variety of kills: 14 monsters ( 3.68%) ( 5758 points) Turncount: 2081 turns ( -59 points) Survival: died (score multiplied by 80%) Total score: 21968 Latest messages: Suddenly, Gaspode disappears out of sight! [2 turns] (2x) Please move the cursor to an unknown object. A level teleporter in the floor of a room. Done. [2 turns] You hear a door open. The door opens. You hear a door open. [2 turns] (2x) You are beginning to feel hungry. You stop running. You hear a door open. [2 turns] (2x) You try to move the boulder, but in vain. [2 turns] The gnome lady wields a dagger! The gnome lady thrusts her dagger at you. The gnome lady hits! You displace the watch captain. The gnome lady thrusts her dagger at you. The gnome lady hits! You die... Kinojevis looks at your corpse and sighs. Final status: Goodbye Dins the Priest, killed by a gnome lady... You died in The Gnomish Mines on dungeon level 6 with 21968 points, and 614 pieces of gold, after 2081 moves. You were level 1 with a maximum of 15 hit points when you died.